 Dungeon Crawl Stone Soup version 0.16.1-25-gbcee3f8 (webtiles) character file.

33 drack the Skirmisher (level 3, -3/29 HPs)
             Began as a Mummy Berserker on May 22, 2015.
             Was a Believer of Trog.
             Slain by a worm (9 damage)
             ... on level 2 of the Dungeon.
             The game lasted 00:07:42 (1763 turns).

drack the Skirmisher (Mummy Berserker)              Turns: 1763, Time: 00:07:42

Health: -3/29      AC:  6    Str: 21    XL:     3   Next: 12%
Magic:  3/3        EV:  7    Int:  6    God:    Trog [**....]
Gold:   83         SH:  7    Dex: 11    Spells: 0 memorised, 2 levels left

rFire  x . .     SeeInvis .     a - +0 mace
rCold  + . .     Clarity  .     j - +0 scale mail
rNeg   + + +     SustAb   .     m - +0 shield
rPois  ∞         Gourm    .     (no helmet)
rElec  .         Spirit   .     (no cloak)
rCorr  .         Warding  .     (no gloves)
rMut   .         Stasis   .     (no boots)
MR     .....                    (no amulet)
Stlth  ..........               (no ring)
                                (no ring)

@: not resistant to hostile enchantments, extremely unstealthy
A: no food or potions, fire vulnerability, restore body, cold resistance 1,
negative energy resistance 3, poison resistance, torment resistance, unbreathing
a: Burn Spellbooks, Trog's Hand, Renounce Religion


You were on level 2 of the Dungeon.
You worshipped Trog.
Trog was pleased with you.
You were not hungry.

You visited 1 branch of the dungeon, and saw 2 of its levels.

You collected 83 gold pieces.

Inventory:

Hand weapons
 a - a +0 mace (weapon)
 d - a +0 club
 f - a +0 dagger of speed
 h - a +0 club
 i - a +0 whip
 l - a +0 mace
 p - a +0 mace
 r - a +0 club
 s - a +0 club
 w - a +0 dagger
 y - a +0 club
 E - a +0 dagger
 F - a +0 dagger
 H - a +0 club
 I - a +0 club
 J - a +0 club
 O - a +0 short sword
Missiles
 e - 8 stones (quivered)
 t - 8 exploding sling bullets
 u - 14 bolts
 A - 41 arrows
 C - 16 arrows of dispersal
 G - 12 tomahawks
Armour
 b - a +0 animal skin
 g - a cursed +0 leather armour
 j - a +0 scale mail (worn)
 k - a +0 leather armour
 m - a +0 shield (worn)
 q - a +0 scale mail
 v - a +0 robe
 B - a +0 robe
Jewellery
 P - a cursed ring of teleportation {unknown}
Scrolls
 n - a scroll of fog
 x - a scroll of amnesia {unknown}
 D - a scroll of teleportation {unknown}
 L - a scroll of identify {unknown}
 M - a scroll of immolation {unknown}
 N - a scroll of noise {unknown}
 Q - a scroll of enchant armour {unknown}
Potions
 c - a potion of flight {unknown}
 z - a potion of curing {unknown}
 K - 2 potions of lignification {unknown}
Comestibles
 o - 2 meat rations


   Skills:
 + Level 3.4 Fighting
 + Level 2.7 Maces & Flails
 + Level 1.8 Armour
 + Level 1.9 Dodging
 + Level 0.1 Shields


You had 2 spell levels left.
You didn't know any spells.

Dungeon Overview and Level Annotations

Branches:
Dungeon (2/15)

Altars:


Innate Abilities, Weirdness & Mutations

You do not eat or drink.
Your flesh is vulnerable to fire.
Your flesh is cold resistant.
You are immune to negative energy.
Your system is resistant to poisons.
You are immune to unholy pain and torment.
You can survive without breathing.


Message History

A bat comes into view.
You hit the worm.
The worm is moderately wounded.
The worm bites you but does no damage.
You hit the worm.
The worm is heavily wounded.
The bat barely misses you. The worm bites you!
You barely miss the worm.
The worm is heavily wounded.
The bat barely misses you. The worm bites you.
* * * LOW HITPOINT WARNING * * *
You hit the worm.
The worm is severely wounded.
The bat hits you but does no damage.
You sock the worm!
The worm is almost dead.
The bat hits you.
* * * LOW HITPOINT WARNING * * *
The worm bites you!
You die...

#..........#.#.#
#.##.......... .
#.##>#..####.. ...
####....#..####.. .....
..##.####..##....
....###.##.####..##.#..
..<..#.##........#.##.
#bw.##.#####.......
#@....# ##.###.###
#...#### #.##......
.$.....# ##.#.#.###
######## #.......#
#.#####.## #.# #... #.#
#.## ##.# #...
#..#####.<.


You could see a worm and a bat.

Vanquished Creatures
  An adder (D:2)
  6 goblins
  3 hobgoblins
  2 bats (D:1)
  2 giant newts
  8 kobolds
  4 rats (D:1)
26 creatures vanquished.

Notes
Turn   | Place    | Note
--------------------------------------------------------------
     0 | D:1      | drack, the Mummy Berserker, began the quest for the Orb.
     0 | D:1      | Reached XP level 1. HP: 18/18 MP: 1/1
     2 | D:1      | Noticed a ghoul
     2 | D:1      | Noticed a felid
     4 | D:1      | Noticed a minotaur
     6 | D:1      | Noticed an ogre
     8 | D:1      | Noticed a troll
    10 | D:1      | Noticed a spriggan
    10 | D:1      | Noticed an octopode
    12 | D:1      | Noticed a naga
    12 | D:1      | Noticed a formicid
    14 | D:1      | Noticed a draconian
    16 | D:1      | Noticed a vine stalker
    16 | D:1      | Noticed a dwarf
    18 | D:1      | Noticed a human
    18 | D:1      | Noticed a vampire
    20 | D:1      | Noticed a centaur
    20 | D:1      | Noticed a merfolk
    22 | D:1      | Noticed a gargoyle
    22 | D:1      | Noticed an elf
    24 | D:1      | Noticed a demigod
    26 | D:1      | Noticed a demonspawn
    26 | D:1      | Noticed a tengu
   508 | D:1      | Reached XP level 2. HP: 17/24 MP: 2/2
   690 | D:1      | Acquired Trog's second power
  1279 | D:2      | Reached XP level 3. HP: 16/29 MP: 3/3
  1763 | D:2      | Slain by a worm

Action                   || total
-------------------------++-------
Melee: Mace              ||    92
  Use: Scroll            ||     1
